[Event "*** Titled Tuesday 3|2 Blitz (Early)"]
[Site "Chess.com"]
[Date "2016.12.06"]
[Round "5"]
[White "BillieKimbah"]
[Black "Rumpel-VK"]
[Result "1-0"]
[WhiteElo "2594"]
[BlackElo "2459"]
[TimeControl "180+2"]
[EndTime "12:01:28 PST"]
[Termination "BillieKimbah won on time"]

1. d4 d5 2. Nf3 Nf6 3. c4 dxc4 4. e3 Bg4 5. Bxc4 e6 6. Nc3 a6 7. h3 Bh5 8. g4 Bg6 9. Ne5 Nbd7 10. Nxg6 hxg6 11.
Qf3 c6 12. Bd2 Nd5 13. Ne4 Be7 14. O-O-O Qc7 15. Kb1 Rf8 16. Rc1 O-O-O 17. h4 Kb8 18. g5 N7b6 19. Bb3 Bb4 20. Bxb4 Nxb4 21. Nc5 e5 22. a3 N4d5 23. e4 Nf4 24. d5 Ka7 25. dxc6 Qxc6 26. Ne6 Qxc1+ 27. Rxc1 fxe6 28. Rd1 Rd4 29. Rxd4 exd4 30. e5 Rf5 31. Qe4 d3 32. Qe3 Rf8 33. a4 a5 34. Qc5 Rc8 35. Qxa5+ Kb8 36. Qxb6 Ne2 37. Qd6+ Ka8 38. Qxd3 Rc1+ 39. Ka2 Re1 40.
Qd8+ Ka7 41. Qa5+ Kb8 42. Qxe1 Nc1+ 43. Qxc1 1-0

[Event "*** Titled Tuesday 3|2 Blitz (Early)"]
[Site "Chess.com"]
[Date "2016.12.06"]
[Round "5"]
[White "PowerThinking2650"]
[Black "pedromartinez91"]
[Result "0-1"]
[WhiteElo "2140"]
[BlackElo "2343"]
[TimeControl "180+2"]
[EndTime "12:01:36 PST"]
[Termination "pedromartinez91 won by resignation"]

1. e4 c5 2. Nf3 Nc6 3. d4 cxd4 4.
Nxd4 g6 5. c4 Qa5+ 6. Nc3 Bg7 7.
Be3 Nf6 8. f3 d6 9. Be2 O-O 10.
O-O Nh5 11. Kh1 Nxd4 12. Bxd4 Nf4 13. Bxg7 Kxg7 14. g3 Ne6 15. f4 b6 16. Nd5 Bb7 17.
f5 Bxd5 18. exd5 Nc5 19. f6+ exf6 20. Qd4 Nd7 21. Bg4 Ne5 22. Be2 Qc5 23. Qf4 f5 24. g4 fxg4 25. Qf6+ Kg8 26. Rae1 Rad8 27. b3 a5 28. Bd1 Qd4 29. Bc2 Qd2 30. Be4 Qxa2 31.
Rf4 Qxb3 32. Ref1 a4 33. Rf5 gxf5 34. Rxf5 Ng6 35. Rg5 Qd1+ 36. Kg2 Qe2+ 0-1

[Event "*** Titled Tuesday 3|2 Blitz (Early)"]
[Site "Chess.com"]
[Date "2016.12.06"]
[Round "5"]
[White "Rating-Schmating"]
[Black "ZhuChenChess"]
[Result "1-0"]
[WhiteElo "2234"]
[BlackElo "2387"]
[TimeControl "180+2"]
[EndTime "12:01:36 PST"]
[Termination "Rating-Schmating won on time"]

1. e4 c5 2. Nf3 d6 3. d4 cxd4 4. Nxd4 Nf6 5. Nc3 a6 6. h3 e6 7.
Be3 Be7 8. a4 O-O 9. Be2 b6 10.
Qd2 Bb7 11. f3 Nc6 12. O-O Qc7 13. Nxc6 Bxc6 14. Bd3 Qb7 15. Qf2 b5 16. axb5 axb5 17. Ne2 e5 18. Ng3 g6 19. Qe2 Rfd8 20. Qf2 d5 21.
exd5 Nxd5 22. Bd2 Bf8 23. Kh1 Bg7 24. Ne4 f5 25. Nc5 Qf7 26. Nb3 Nf6 27. Qc5 Rac8 28. Qa7 Rd7 29. Qf2 Rxd3 30. cxd3 Qxb3 31. Bc3 Nd5 32. Rfc1 b4 33. Be1 Ne7 34. Qc5 Qe6 35.
Bxb4 Bb7 36. Qxe7 Rxc1+ 37. Rxc1 Qxe7 38. Bxe7 e4 39. dxe4 fxe4 40. fxe4 Bxe4 41. b4 Kf7 42. Bc5 Bd3 43. Rd1 Bc4 44. Rd7+ Kg8 45. Kh2 Be5+ 46. g3 Bb5 47. Ra7 h5 48. Kg2 Bc6+ 49. Kf2 Bb5 50. Rb7 Bc4 51. b5 Bd5 52. Ra7 1-0

[Event "*** Titled Tuesday 3|2 Blitz (Early)"]
[Site "Chess.com"]
[Date "2016.12.06"]
[Round "5"]
[White "theprosecution1"]
[Black "Alexander_Moskalenko"]
[Result "1-0"]
[WhiteElo "2536"]
[BlackElo "2642"]
[TimeControl "180+2"]
[EndTime "12:01:45 PST"]
[Termination "theprosecution1 won by checkmate"]

1. e4 c5 2. Nf3 d6 3. d4 cxd4 4.
Nxd4 Nf6 5. Nc3 a6 6. Rg1 e5 7. Nb3 h5 8. h3 b5 9. g4 hxg4 10. hxg4 Bb7 11. Qf3 b4 12. Nd5 Nbd7 13. Bg5 Bxd5 14.
exd5 Be7 15. O-O-O Qb6 16. Kb1 g6 17. Be3 Qc7 18.
g5 Nh5 19. Rh1 Kf8 20. Bd3 Kg7 21. Qe4 a5 22. f4 a4 23. Nd4 Nc5 24. Qf3 Nxd3 25.
cxd3 exd4 26. Bxd4+ f6 27. f5 Rac8 28. fxg6 Qc2+ 29.
Ka1 a3 30. Rde1 axb2+ 31. Bxb2 Nf4 32. Rxe7+ Kxg6 33. Qe4+ f5 34. Rg7# 1-0

[Event "*** Titled Tuesday 3|2 Blitz (Early)"]
[Site "Chess.com"]
[Date "2016.12.06"]
[Round "5"]
[White "Evgeny_Levin"]
[Black "Dlugy"]
[Result "0-1"]
[WhiteElo "2725"]
[BlackElo "2634"]
[TimeControl "180+2"]
[EndTime "12:01:46 PST"]
[Termination "Dlugy won by resignation"]

1. d4 d5 2. c4 dxc4 3. e4 b5 4. a4 c6 5. axb5 cxb5 6. Nc3 a6 7.
Nxb5 axb5 8. Rxa8 Bb7 9. Ra1 e6 10. f3 f5 11. exf5 Nc6 12. fxe6 Nge7 13. Ne2 Nf5 14.
Bf4 Bb4+ 15. Kf2 O-O 16. Nc3 Ncxd4 17. Nxb5 Bc5 18. Nxd4 Nxd4 19. Bxc4 Kh8 20. g3 Bxf3 21. Qd3 Rxf4 22. gxf4 Qh4+ 23. Ke3 Bxh1 24. Rxh1 Qh3+ 25.
Kd2 Qg2+ 26. Kc3 Qxh1 27. Qf1 Qe4 28. Bd3 Qb7 29. Bc4 Qb4+ 30. Kd3 Qxb2 31. Ke4 Qb7+ 32. Bd5 Qe7 33. Qa6 g6 34. Qc8+ Kg7 35. h4 Nf5 36.
Qd7 Qxd7 37. exd7 Be7 38. h5 Ng3+ 39. Ke5 Nxh5 40. f5 g5 41. Ke6 Bd8 42. Bf3 Nf6 43. Kd6 h5 44. Kc6 g4 45. Be2 h4 46. Kb7 h3 47. Bf1 Kf7 48. Kc8 Ke7 49. Ba6 g3 50. Bf1 g2 0-1

[Event "*** Titled Tuesday 3|2 Blitz (Early)"]
[Site "Chess.com"]
[Date "2016.12.06"]
[Round "5"]
[White "Morpheus4"]
[Black "macko06"]
[Result "0-1"]
[WhiteElo "1942"]
[BlackElo "2262"]
[TimeControl "180+2"]
[EndTime "12:01:47 PST"]
[Termination "macko06 won on time"]

1. d4 Nf6 2. Bf4 e6 3. Nf3 c5 4.
c3 b6 5. e3 Bb7 6. Nbd2 Be7 7.
Bc4 O-O 8. O-O Nc6 9. a4 d5 10.
Bd3 Bd6 11. Bg3 Qc7 12. Bb5 Nd7 13. Re1 e5 14. dxe5 Ndxe5 15. Nxe5 Nxe5 16. Bxe5 Bxe5 17. Nf3 Bf6 18. Bd3 Rad8 19. Qc2 g6 20. Be2 Rfe8 21.
Rad1 Bg7 22. Rd2 Rd7 23. Red1 Red8 24. h3 Qc8 25. Nh2 Ba6 26. Bg4 f5 27. Bf3 Bb7 28.
Nf1 Bc6 29. Ng3 Qb7 30. Ne2 Kh8 31. Nf4 d4 32. Bxc6 Qxc6 33. cxd4 Qd6 34. dxc5 Qxd2 35.
Rxd2 Rxd2 36. Qc4 bxc5 37. Qxc5 R2d7 38. Ne6 Re8 39. Nxg7 Rxg7 40. Qc6 Rge7 41. b4 Kg8 42. b5 Kf8 43. a5 Re6 44. Qc5+ R6e7 45. b6 axb6 46.
axb6 Rb8 47. g3 Rb7 48. h4 Ke8 49.
Qc6+ Kd8 50. Qf6 Kd7 0-1

[Event "*** Titled Tuesday 3|2 Blitz (Early)"]
[Site "Chess.com"]
[Date "2016.12.06"]
[Round "5"]
[White "MFBerna"]
[Black "Andrejkin"]
[Result "1-0"]
[WhiteElo "2208"]
[BlackElo "2172"]
[TimeControl "180+2"]
[EndTime "12:01:55 PST"]
[Termination "MFBerna won by resignation"]

1. e4 e5 2. Nf3 Nc6 3. Bb5 a6 4.
Ba4 Nf6 5. O-O Be7 6. Re1 b5 7. Bb3 d6 8. c3 O-O 9. h3 Na5 10. Bc2 c5 11. d4 cxd4 12. cxd4 Qc7 13. Nbd2 Nc6 14. Nb3 a5 15. Be3 a4 16. Nbd2 Bd7 17.
Rc1 Qb7 18. Nf1 Rfc8 19. Ng3 Bd8 20. Nf5 Bxf5 21. exf5 e4 22. Nh2 d5 23. Ng4 h6 24.
Ne5 Nxe5 25. dxe5 Nd7 26. Bd4 b4 27. f3 a3 28. b3 Bg5 29. Rb1 exf3 30. Bd3 fxg2 31. Qg4 Nc5 32. Rbd1 Qe7 33. f6 Qd7 34. Bf5 Ne6 35. h4 Bxh4 36. Bxe6 fxe6 37. Qxh4 Rc2 38.
Qg3 Rxa2 39. Qxg7+ Qxg7 40. fxg7 Kxg7 41. Rd3 h5 42. Rg3+ Kf7 43. Rxg2 Rxg2+ 44. Kxg2 a2 45.
Ra1 h4 46. Bc5 Ra3 47. Bxb4 Rxb3 48. Bd6 Rb2+ 49. Kh3 d4 50. Kxh4 d3 51. Ba3 Rc2 52. Bb4 Rc5 53. Bxc5 1-0

[Event "*** Titled Tuesday 3|2 Blitz (Early)"]
[Site "Chess.com"]
[Date "2016.12.06"]
[Round "5"]
[White "platy3"]
[Black "Vrolijk"]
[Result "1-0"]
[WhiteElo "2697"]
[BlackElo "2207"]
[TimeControl "180+2"]
[EndTime "12:02:18 PST"]
[Termination "platy3 won by checkmate"]

1. e4 e6 2. d4 d5 3. Nc3 Nf6 4.
e5 Nfd7 5. f4 c5 6. Nf3 Be7 7.
Be3 O-O 8. a3 b6 9. h4 a5 10. h5 Ba6 11. Bxa6 Nxa6 12. g4 Rb8 13.
a4 Nc7 14. h6 g6 15. f5 cxd4 16. Bxd4 Bc5 17. Qd3 Bxd4 18. Qxd4 Qe7 19. O-O-O b5 20. Qf4 bxa4 21. Nxa4 Rb4 22. Rd4 Rxd4 23. Qxd4 Rb8 24. Qa7 Qb4 25. Qxc7 Qxa4 26. fxe6 fxe6 27. Kb1 Qb5 28. b3 a4 29. Nd4 Qb7 30. Qd6 axb3 31. cxb3 Re8 32. Rf1 Nf8 33. Kb2 Qa7 34. Qb4 Rb8 35.
Qc3 Ra8 36. Nc2 Qa6 37. Ra1 Qb7 38. Rxa8 Qxa8 39. Qc7 Qe8 40. Qg7# 1-0

[Event "*** Titled Tuesday 3|2 Blitz (Early)"]
[Site "Chess.com"]
[Date "2016.12.06"]
[Round "5"]
[White "Wolverine_master"]
[Black "Morshynska"]
[Result "0-1"]
[WhiteElo "2026"]
[BlackElo "2147"]
[TimeControl "180+2"]
[EndTime "12:02:24 PST"]
[Termination "Morshynska won by resignation"]

1. e4 e5 2. Nf3 Nc6 3. d4 exd4 4.
Bc4 Bc5 5. c3 Nf6 6. e5 d5 7. Bb5 Ne4 8. Nxd4 O-O 9. O-O Nxe5 10.
Bf4 Ng6 11. Bg3 Qf6 12. Bxc7 Be6 13. Nd2 Bxd4 14. Nxe4 dxe4 15. Qxd4 Qxd4 16. cxd4 Rac8 17. Ba5 b6 18. Bc3 Bc4 19. Bxc4 Rxc4 20. Rfe1 f5 21. f3 exf3 22. gxf3 Kf7 23. Re3 Re8 24. Rae1 Rxe3 25. Rxe3 b5 26. a3 a5 27. b3 Rc6 28.
Bxa5 Rd6 29. Bc3 Nf4 30. Re5 g6 31. Rxb5 Ne2+ 32. Kf2 Nxc3 33. Rb4 g5 34. a4 Nd5 35. Rb7+ Kg6 36. b4 Nc3 37. b5 Nxa4 38. Ke3 Nb6 39. Rc7 Nd5+ 40. Kd3 Nxc7 0-1

[Event "*** Titled Tuesday 3|2 Blitz (Early)"]
[Site "Chess.com"]
[Date "2016.12.06"]
[Round "5"]
[White "Saitama_Hero"]
[Black "AdrianaNikolova"]
[Result "0-1"]
[WhiteElo "2147"]
[BlackElo "2256"]
[TimeControl "180+2"]
[EndTime "12:02:27 PST"]
[Termination "AdrianaNikolova won by checkmate"]

1. d4 d5 2. c4 c6 3. Nc3 Nf6 4. cxd5 cxd5 5. f3 Nc6 6. e4 e6 7. e5 Ng8 8. f4 Nge7 9. Nf3 Nf5 10. Bd3 Nfxd4 11. Nxd4 Nxd4 12. Qa4+ Nc6 13. O-O Bd7 14.
Qd1 Bc5+ 15. Kh1 O-O 16. Qh5 g6 17. Qh6 f6 18. Bxg6 Qe7 19. exf6 Rxf6 20. Bxh7+ Qxh7 21. Qxf6 Be7 22. Nxd5 exd5 23. Qc3 Rf8 24. Bd2 d4 25.
Qb3+ Rf7 26. Qxb7 Qf5 27. Qb3 Kf8 28. Rae1 Rg7 29. Qc4 Bd6 30. Re5 Qg4 31. Rg5 Qe6 32. Qd3 Rxg5 33. fxg5+ Ke8 34. g6 Bf8 35. Re1 Ne5 36.
Qxd4 Bg7 37. Bf4 Qxg6 38. Bxe5 Bxe5 39. Qxe5+ Kd8 40. Qb8+ Bc8 41. Rd1+ Ke7 42. Qxc8 Qh5 43. Qd7+ Kf6 44. Qd6+ Kf7 45. Qc6 Qxd1# 0-1

[Event "*** Titled Tuesday 3|2 Blitz (Early)"]
[Site "Chess.com"]
[Date "2016.12.06"]
[Round "5"]
[White "Nachsueb"]
[Black "norwaytoadog"]
[Result "1-0"]
[WhiteElo "2087"]
[BlackElo "1918"]
[TimeControl "180+2"]
[EndTime "12:02:27 PST"]
[Termination "Nachsueb won by resignation"]

1. e4 e5 2. Nf3 Nc6 3. Bb5 a6 4. Ba4 Nf6 5. O-O Be7 6. Re1 b5 7. Bb3 d6 8. c3 O-O 9. h3 Bb7 10. d4 Re8 11. Ng5 Rf8 12. Nf3 Re8 13.
Nbd2 exd4 14. cxd4 Nd7 15. Nf1 Na5 16. Bc2 Bf6 17. Ng3 g6 18. Bd2 Nc4 19. Bc3 c5 20. b3 Na3 21. Bd3 b4 22. Bb2 Nb5 23.
Bc4 Nc3 24. Qd3 cxd4 25. Nxd4 Nc5 26. Qd2 N5xe4 27. Nxe4 Nxe4 28. Qxb4 Rb8 29. f3 Nc5 30. Qd2 Qb6 31. Kh1 d5 32. Bf1 Qc7 33. Rac1 Rxe1 34. Rxe1 Qg3 35. Rc1 Nd7 36. Ne2 Qh4 37. Bxf6 Nxf6 38.
Qd4 Qg5 39. Rc7 Bc8 40. f4 Qf5 41. Nc3 Nh5 42. Nxd5 Ng3+ 43. Kg1 Nxf1 44. Ne7+ 1-0

[Event "*** Titled Tuesday 3|2 Blitz (Early)"]
[Site "Chess.com"]
[Date "2016.12.06"]
[Round "5"]
[White "SCIM"]
[Black "poummba"]
[Result "1-0"]
[WhiteElo "2308"]
[BlackElo "2382"]
[TimeControl "180+2"]
[EndTime "12:02:28 PST"]
[Termination "SCIM won by resignation"]

1. e4 c6 2. d4 d5 3. e5 c5 4. dxc5 e6 5. Nf3 Bxc5 6. Bd3 f5 7.
exf6 Nxf6 8. O-O O-O 9. Bg5 Nc6 10. Qe2 Qd6 11. Nc3 Ng4 12. g3 e5 13. Nxd5 Be6 14. Nc3 Rxf3 15. Qxf3 Rf8 16. Qe4 g6 17. Be3 Nd4 18.
Nb5 Qd7 19. Nxd4 exd4 20. Bg5 Bd5 21. Qe2 Re8 22. Qd1 Ne5 23. f4 Qh3 24. Qd2 Nf3+ 25.
Rxf3 Bxf3 26. Qf2 Bd5 27. a3 Re3 28. b4 Bb6 29. a4 a6 30. a5 Ba7 31. f5 Rf3 32.
Qe2 Re3 33. Bxe3 dxe3 34. Rf1 g5 35. Bc4 Bxc4 36. Qxc4+ Kf8 37. Qc8+ Kf7 38. Qxb7+ Kf6 39. Qxa7 e2 40. Qd4+ Kf7 41. Qd5+ Kf8 42. Qd6+ Kg7 43. Qe7+ Kh6 44. Qxe2 1-0

[Event "*** Titled Tuesday 3|2 Blitz (Early)"]
[Site "Chess.com"]
[Date "2016.12.06"]
[Round "5"]
[White "fireheart92"]
[Black "Ar4uha"]
[Result "0-1"]
[WhiteElo "2531"]
[BlackElo "2456"]
[TimeControl "180+2"]
[EndTime "12:02:29 PST"]
[Termination "Ar4uha won by resignation"]

1. e4 e5 2. Nf3 d6 3. d4 exd4 4. Nxd4 Nf6 5. Nc3 Be7 6. g3 Nc6 7. Bg2 Bg4 8. Nde2 Ne5 9. h3 Bf3 10. O-O Bxg2 11. Kxg2 O-O 12. f4 Ned7 13. g4 Nc5 14. Ng3 c6 15. g5 Nfd7 16. Nf5 Re8 17. b4 Na6 18. Bb2 Bf8 19. a3 Nb6 20. Qd3 d5 21. exd5 cxd5 22. Rad1 Rc8 23. Rf2 Nc7 24. Ba1 Qd7 25. Ne2 Nc4 26. Neg3 Ne6 27. Nh5 Kh8 28.
Kh1 Rcd8 29. Re2 Nd6 30. Nxd6 Qxd6 31. Rde1 Qc6 32. Qf5 Kg8 33. Rg2 Nd4 34. Nf6+ Qxf6 35.
Qxf6 Rxe1+ 36. Kh2 gxf6 37. gxf6+ Kh8 38. Bxd4 Bh6 39.
Rf2 Rg8 40. Be5 Re8 41. Kg2 R8xe5 42. fxe5 Rxe5 43. Kg3 Rg5+ 44. Kf3 Rf5+ 45. Ke2 Rxf2+ 46. Kxf2 Bg5 47. Kf3 Bxf6 48. Kf4 Bb2 0-1

[Event "*** Titled Tuesday 3|2 Blitz (Early)"]
[Site "Chess.com"]
[Date "2016.12.06"]
[Round "5"]
[White "GMKrikor"]
[Black "Gabrielian_Artur"]
[Result "0-1"]
[WhiteElo "2516"]
[BlackElo "2587"]
[TimeControl "180+2"]
[EndTime "12:02:31 PST"]
[Termination "Gabrielian_Artur won by resignation"]

1. e4 c5 2. Nf3 d6 3. d4 cxd4 4.
Nxd4 Nf6 5. Nc3 a6 6. Be3 e6 7. g4 e5 8. Nf5 g6 9. Bg2 gxf5 10. exf5 h5 11. h3 d5 12. Nxd5 Nxd5 13. Bxd5 hxg4 14. hxg4 Rxh1+ 15. Bxh1 Qxd1+ 16. Rxd1 Nc6 17. c3 Bd7 18. Bd5 Nd8 19. f4 exf4 20. Bxf4 Bc6 21. Kf2 Bxd5 22.
Rxd5 Nc6 23. Kf3 Rd8 24. Rxd8+ Kxd8 25. Ke4 Kd7 26. Kd5 Ne7+ 27. Ke5 Bg7+ 28. Ke4 b5 29. g5 Bf8 30. Be5 Kc6 31. Bf6 Nd5 32. Bd4 Ne7 33. Bf6 a5 34. b3 Nd5 35. Bd4 Nc7 36. c4 bxc4 37. bxc4 Ne8 38. c5 Be7 39. Be3 f6 40. g6 Bf8 41. Bd4 Bxc5 42. Bxc5 Kxc5 43.
a4 Ng7 44. Kf4 Kd5 45. Kg4 0-1

[Event "*** Titled Tuesday 3|2 Blitz (Early)"]
[Site "Chess.com"]
[Date "2016.12.06"]
[Round "5"]
[White "Enzy63"]
[Black "Divertissement"]
[Result "0-1"]
[WhiteElo "2019"]
[BlackElo "2431"]
[TimeControl "180+2"]
[EndTime "12:02:33 PST"]
[Termination "Divertissement won on time"]

1. d4 Nf6 2. Nf3 e6 3. c4 b6 4. g3 Ba6 5. Qc2 Bb4+ 6. Bd2 Qe7 7. Bg2 Bxd2+ 8. Nbxd2 Bb7 9. e4 d6 10. O-O O-O 11. Rac1 Nbd7 12. Rfe1 e5 13. d5 a5 14. Rf1 Nc5 15. Ne1 Rfe8 16. Nd3 Nfd7 17. Rce1 Nxd3 18. Qxd3 Nc5 19. Qc3 c6 20. f4 exf4 21.
gxf4 cxd5 22. cxd5 Rac8 23. Qd4 Nd7 24. b3 Rc2 25.
Nc4 Ba6 26. Rf2 Rxf2 27. Qxf2 Bxc4 28. bxc4 Qf6 29. Qd2 Nc5 30. e5 dxe5 31. fxe5 Rxe5 32.
Rxe5 Qxe5 33. d6 Qe6 34. Bc6 Qg6+ 35. Kf1 Qf6+ 36. Kg1 Ne6 37. d7 g6 38. Qd6 Kg7 39. Bd5 Nd8 40. Qc7 h5 41. Qg3 h4 42. Qd3 Qe5 43.
Kg2 a4 0-1

[Event "*** Titled Tuesday 3|2 Blitz (Early)"]
[Site "Chess.com"]
[Date "2016.12.06"]
[Round "5"]
[White "VSERGUEI"]
[Black "joppie2"]
[Result "1-0"]
[WhiteElo "2615"]
[BlackElo "2543"]
[TimeControl "180+2"]
[EndTime "12:02:34 PST"]
[Termination "VSERGUEI won by resignation"]

1. d4 d5 2. c4 c6 3. cxd5 cxd5 4. Bf4 Nf6 5. e3 Nc6 6. Nc3 Bg4 7. f3 Bh5 8. g4 Bg6 9. h4 h6 10. h5 Bh7 11. Bd3 Bxd3 12. Qxd3 e6 13.
Nge2 Bd6 14. O-O-O Bxf4 15. exf4 Qe7 16. Kb1 O-O-O 17.
Rc1 Kb8 18. Na4 Rc8 19. Nc5 Nd7 20. Qb5 Nxc5 21. Rxc5 Rc7 22. Rhc1 Rhc8 23. a3 Qf6 24. Qa4 Qd8 25. b4 Ne7 26. Kb2 b6 27. Rxc7 Rxc7 28.
Rxc7 Qxc7 29. Qe8+ Nc8 30. Nc3 Qxf4 31. Qf8 Kb7 32.
Qxg7 Nd6 33. g5 hxg5 34. h6 Nc4+ 35. Kb3 Qxf3 36. h7 Qf2 37. Nd1 Qf3+ 38. Nc3 Qf2 39. Nd1 Qf1 40. Nc3 Ka6 41. Qf8 Nd2+ 42. Kc2 Qc4 43.
b5+ Kb7 44. Qxf7+ 1-0

[Event "*** Titled Tuesday 3|2 Blitz (Early)"]
[Site "Chess.com"]
[Date "2016.12.06"]
[Round "5"]
[White "Kawhi_Leonard2"]
[Black "RodinMihail"]
[Result "0-1"]
[WhiteElo "2224"]
[BlackElo "2431"]
[TimeControl "180+2"]
[EndTime "12:02:44 PST"]
[Termination "RodinMihail won on time"]

1. e4 e5 2. Nf3 Nc6 3. Bb5 a6 4.
Ba4 Bc5 5. O-O Nge7 6. c3 Ba7 7.
d4 exd4 8. cxd4 d5 9. exd5 Nxd5 10. Nc3 O-O 11. Bb3 Nce7 12. h3 c6 13. Re1 h6 14.
Bd2 Be6 15. Ne4 Nf5 16. Nc5 Nxd4 17. Nxd4 Bxc5 18. Nxe6 fxe6 19. Rxe6 Rxf2 20. Kh1 Qh4 21. Bxd5 cxd5 22. Bc3 Qg5 23. Qg4 Qxg4 24. hxg4 d4 25. Ba5 Rxb2 26. Bc7 d3 27. Rd1 d2 28. Re2 Bb4 29.
a3 Bc3 30. Bf4 Rd8 31. g5 Kh7 32. gxh6 gxh6 33. g3 Rd7 34. Kg2 Rc2 35. Kf3 Kg6 36. a4 b5 37. axb5 axb5 38. Re6+ Kg7 39. Bxh6+ Kf7 40. Rb6 b4 41. Bf4 Rb2 42. g4 Bd4 43. Rb5 b3 44. Rxd2 Rxd2 45. Bxd2 b2 46. Be3 Bg7 47. g5 Rd1 48. Rb7+ Kg6 49. Rxg7+ Kxg7 50. Bd4+ Kg6 51. Bxb2 Kxg5 52. Be5 Kf5 53. Bg3 Rd3+ 54.
Kg2 Kg4 55. Bf2 Rd2 0-1

[Event "*** Titled Tuesday 3|2 Blitz (Early)"]
[Site "Chess.com"]
[Date "2016.12.06"]
[Round "5"]
[White "LPSupi"]
[Black "nihalsarin"]
[Result "0-1"]
[WhiteElo "2585"]
[BlackElo "2509"]
[TimeControl "180+2"]
[EndTime "12:02:45 PST"]
[Termination "nihalsarin won on time"]

1. c4 c5 2. Nc3 Nc6 3. g3 g6 4. Bg2 Bg7 5. Nf3 e6 6. O-O Nge7 7. d3 O-O 8. Bg5 d6 9. a3 h6 10. Bd2 Rb8 11. Rb1 b6 12. b4 Bb7 13. Qc1 Kh7 14.
Nb5 Qd7 15. Bc3 e5 16. bxc5 dxc5 17. Ba1 Nd4 18. Re1 Nxf3+ 19. exf3 Qxd3 20. Bxe5 Bxe5 21. Rxe5 Nc6 22. Re3 Qd7 23. h4 h5 24. Rb2 Nd4 25. Nxd4 cxd4 26. Rd3 Rfd8 27. Qf4 Rbc8 28. Bh3 Qxh3 29.
Qxf7+ Kh6 30. Qxb7 Rxc4 31. Rb1 Rdc8 32. Rbd1 Re8 33.
Qf7 Qe6 34. Qf4+ Kh7 35. Rxd4 Rxd4 36. Rxd4 Re7 37. Kg2 Kg7 38. Qg5 Qf6 0-1

[Event "*** Titled Tuesday 3|2 Blitz (Early)"]
[Site "Chess.com"]
[Date "2016.12.06"]
[Round "5"]
[White "MateusViageiro"]
[Black "Grootneus"]
[Result "1-0"]
[WhiteElo "2261"]
[BlackElo "2076"]
[TimeControl "180+2"]
[EndTime "12:02:46 PST"]
[Termination "MateusViageiro won by resignation"]

1. d4 Nf6 2. Nf3 c5 3. c4 cxd4 4. Nxd4 e5 5. Nf3 Nc6 6. Nc3 Bb4 7. Bd2 e4 8. Ng5 Qe7 9. a3 Bc5 10. Qc2 Bxf2+ 11. Kxf2 Ng4+ 12. Ke1 e3 13. Nf3 exd2+ 14. Qxd2 O-O 15. Nd5 Qc5 16. e4 a5 17. h3 Nge5 18.
Nxe5 Nxe5 19. Rc1 d6 20. Qf2 Be6 21. Be2 Bxd5 22. exd5 Rac8 23. Rf1 b5 24. Qxc5 Rxc5 25. b4 Rcc8 26. c5 Rfe8 27. Kf2 axb4 28. axb4 dxc5 29. bxc5 Red8 30. d6 b4 31. Rfd1 Rd7 32. Rd5 Nc6 33. Bg4 Rdd8 34. Bxc8 Rxc8 35. Re1 Kf8 36. d7 Rd8 37.
Rd6 Nb8 38. c6 Nxc6 1-0

[Event "*** Titled Tuesday 3|2 Blitz (Early)"]
[Site "Chess.com"]
[Date "2016.12.06"]
[Round "5"]
[White "Fandorine"]
[Black "Harbuzi01"]
[Result "1/2-1/2"]
[WhiteElo "2631"]
[BlackElo "2697"]
[TimeControl "180+2"]
[EndTime "12:02:58 PST"]
[Termination "Game drawn - insufficient material"]

1. e4 e5 2. Nf3 Nc6 3. Bb5 g6 4. d4 exd4 5. Bg5 Be7 6. Bxe7 Qxe7 7. Bxc6 dxc6 8. Qxd4 Qf6 9. Nc3 Qxd4 10. Nxd4 Bd7 11. O-O O-O-O 12. f3 Ne7 13. Rad1 f5 14. Rfe1 c5 15. Nb3 b6 16. Kf2 Kb7 17. Nd2 Bc6 18.
Nc4 fxe4 19. Rxd8 Rxd8 20. fxe4 Rf8+ 21. Ke3 Nc8 22. Ne5 Nd6 23. Nxc6 Kxc6 24. b3 Re8 25. Kf4 Rf8+ 26. Kg3 Re8 27. e5 Nf5+ 28. Kf4 Nd4 29.
Ne4 Rf8+ 30. Nf6 Nxc2 31. Rf1 Nd4 32. Ke4 b5 33. h4 Nf5 34. Rf4 c4 35. bxc4 bxc4 36.
g4 Ne7 37. Kd4 Rb8 38. Kxc4 Rb2 39. Nxh7 Rxa2 40. Rf6+ Kb7 41. Kb3 Re2 42. e6 Re3+ 43. Kc2 Re4 44. Ng5 Rxg4 45. Rf7 Nc6 46. e7 Nxe7 47. Rxe7 Rxh4 48. Ne6 Rc4+ 49. Kb3 Rc1 50.
Kb4 Kb6 51. Nf4 a5+ 52. Kb3 a4+ 53. Kb2 Rg1 54. Nd5+ Kc6 55. Nxc7 g5 56. Rg7 g4 57.
Ne6 Kd5 58. Nf4+ Ke4 59. Nh5 Kf3 60. Ka3 g3 61. Rxg3+ Rxg3 62. Nxg3 Kxg3 63. Kxa4 1/2-1/2

[Event "*** Titled Tuesday 3|2 Blitz (Early)"]
[Site "Chess.com"]
[Date "2016.12.06"]
[Round "5"]
[White "plouarzel"]
[Black "Ind1anStar"]
[Result "0-1"]
[WhiteElo "2232"]
[BlackElo "2184"]
[TimeControl "180+2"]
[EndTime "12:03:05 PST"]
[Termination "Ind1anStar won by checkmate"]

1. e4 e6 2. d4 d5 3. Nd2 Nc6 4.
Ngf3 Nf6 5. e5 Nd7 6. Bd3 f6 7. exf6 Qxf6 8. Nf1 Bd6 9. Ne3 O-O 10. O-O Qf7 11.
Bxh7+ Kh8 12. Bd3 Qh5 13. h3 Nf6 14. c3 Ne4 15. Bxe4 dxe4 16. Ne5 Qxd1 17. Ng6+ Kg8 18. Rxd1 Rf6 19. Nh4 g5 20. Ng4 Rf5 21. Nxf5 exf5 22. Ne3 Kf7 23. g4 f4 24. Nc4 Kf6 25. Nxd6 cxd6 26.
b3 Bd7 27. Bb2 Rh8 28. Kg2 Kg6 29. a3 Ne7 30. c4 Kf7 31. d5 Rh7 32. Re1 Ng6 33.
Rxe4 Nh4+ 34. Kf1 Nf3 35. Rd1 Rxh3 36. c5 Bxg4 37. cxd6 Rh1+ 38. Ke2 Nd4+ 39. Kd2 Rxd1+ 40. Kc3 Nb5+ 41. Kb4 Nxd6 42. Re5 b6 43. a4 a5+ 44. Ka3 Rd3 45. Ka2 Bd1 46. Rxg5 Bxb3+ 47. Kb1 Rd1+ 48. Bc1 Ne4 49. Rf5+ Ke7 50. Rxf4 Nc3+ 51. Kb2 Nxd5 52. Re4+ Kd6 53. Bg5 Rd3 54. f4 Rf3 55. f5 Nb4 56. Be7+ Kd5 57. Rh4 Bc4 58. Bxb4 axb4 59. Rh6 Rf2+ 60.
Kc1 Kd4 61. Rxb6 Kc3 62. Kd1 Rf1# 0-1

[Event "*** Titled Tuesday 3|2 Blitz (Early)"]
[Site "Chess.com"]
[Date "2016.12.06"]
[Round "5"]
[White "stuffings101"]
[Black "alturas_pacificas"]
[Result "0-1"]
[WhiteElo "2164"]
[BlackElo "2167"]
[TimeControl "180+2"]
[EndTime "12:03:08 PST"]
[Termination "alturas_pacificas won by resignation"]

1. Nf3 d5 2. g3 Nf6 3. Bg2 c6 4. O-O Bf5 5. d3 h6 6. Nbd2 e6 7. b3 Be7 8. Bb2 O-O 9. Qe1 Bh7 10. e4 a5 11. a3 Na6 12. Qe2 Nc5 13. Ne5 Nfd7 14.
Nxd7 Nxd7 15. Kh1 Bf6 16. e5 Be7 17. f4 c5 18. a4 Rc8 19. g4 Nb6 20. f5 Bg5 21.
Bc3 Ra8 22. Rad1 Qc7 23. Nf3 Bf4 24. Nd2 Bg5 25. Qe1 c4 26. Nf3 cxb3 27. cxb3 Nd7 28. Nxg5 hxg5 29. Bd4 Qc2 30. Qe3 Qxb3 31. Rb1 Qxa4 32.
Rxb7 Rfb8 33. Rbb1 Rb4 34. Ra1 Qb5 35. h3 a4 36. f6 gxf6 37. exf6 Bg6 38. Be5 a3 39. Qxg5 Qc5 40. d4 Qf8 41. h4 Nxe5 42. dxe5 Kh7 43. h5 Bd3 44. Rf3 Be4 45. Rf4 Bxg2+ 46. Kxg2 Rb2+ 47. Kg3 Rc8 48. Rxa3 Qxa3+ 49. Rf3 Qf8 50. Qh4 Rcc2 51. g5 Rg2+ 52. Kf4 Qb4+ 0-1

[Event "*** Titled Tuesday 3|2 Blitz (Early)"]
[Site "Chess.com"]
[Date "2016.12.06"]
[Round "5"]
[White "Zaven_ChessMood"]
[Black "Wilsonpalencia"]
[Result "1-0"]
[WhiteElo "2832"]
[BlackElo "2404"]
[TimeControl "180+2"]
[EndTime "12:04:06 PST"]
[Termination "Zaven_ChessMood won by checkmate"]

1. e4 c5 2. Nf3 d6 3. d4 cxd4 4.
Nxd4 Nf6 5. Nc3 g6 6. Be2 Nc6 7. O-O Bg7 8. Nb3 O-O 9. Bg5 Bd7 10.
Re1 a5 11. a4 Be6 12. Bf1 Nd7 13. Rb1 Bxb3 14. cxb3 Bf6 15. Bh6 Re8 16. Nd5 Bg7 17.
Bg5 h6 18. Bh4 g5 19. Bg3 Nc5 20. Bc4 e6 21. Nc3 Nd4 22. Nb5 e5 23. Qh5 Rf8 24. Rbd1 Nxb5 25. axb5 a4 26. bxa4 Nxa4 27. Re2 Nc5 28.
h4 Ra4 29. b3 Ra8 30. Re3 Qe7 31. hxg5 hxg5 32. Bh2 Rfd8 33. Rde1 Ne6 34. Rh3 Bf6 35.
Qh7+ Kf8 36. Rh6 Bg7 37. Bxe6 fxe6 38. Rg6 Qf7 39. Rxg5 Bf6 40. Qh6+ Bg7 41. Qh3 Ke7 42. Bg3 Rh8 43. Bh4 Bf6 44. Rg4 Qh7 45. Rc1 Qh6 46. Bxf6+ Kxf6 47. Qxh6+ Rxh6 48. f3 Rh7 49. Rd1 Ke7 50. Kf2 Ra2+ 51. Kg3 Ra5 52. Rc1 Kf6 53. Rc8 Rxb5 54. Rd8 d5 55. exd5 exd5 56. b4 d4 57. f4 Ke7 58. Rc8 exf4+ 59. Rxf4 Rg5+ 60. Kf3 Rh2 61. g4 Rh3+ 62. Ke4 d3 63. Rc7+ Kd6 64. Rcf7 d2 65. R4f6# 1-0